 Dungeon Crawl Stone Soup version 0.28-a0-653-g7e9dba17c3 (webtiles) character file.

Game seed: 17916336674972868353

8 Antediluvian the Skirmisher (level 2, 24/24 HPs)
             Began as a Formicid Monk on Oct 12, 2021.
             Was a Plaything of Xom.
             Quit the game on level 1 of the Dungeon.
             The game lasted 00:00:49 (419 turns).

Antediluvian the Skirmisher (Formicid Monk)          Turns: 419, Time: 00:00:50

Health: 24/24      AC:  2    Str: 15    XL:     2   Next: 15%
Magic:  2/2        EV: 12    Int:  9    God:    Xom [..*...]
Gold:   14         SH:  0    Dex: 13    Spells: 1/1 levels left

rFire   . . .      SeeInvis +   a - +0 falchion
rCold   . . .      Faith    .   (no shield)
rNeg    . . .      Spirit   .   b - +0 robe
rPois   .          Reflect  .   (helmet unavailable)
rElec   .          Harm     .   (no cloak)
rCorr   .          Rampage  .   (no gloves)
Will    .....                   (no boots)
Stlth   ++........              (no amulet)
HPRegen 0.08/turn               (no ring)
MPRegen 0.08/turn               (no ring)

@: no status effects
A: permanent stasis, dig shafts and tunnels, antennae 3, four strong arms
a: Dig, Shaft Self, Renounce Religion


You were on level 1 of the Dungeon.
You worshipped Xom.
You were a toy of Xom.
You visited 1 branch of the dungeon, and saw 1 of its levels.

You collected 14 gold pieces.

Inventory:

Hand Weapons
 a - a +0 falchion (weapon)
Armour
 b - a +0 robe (worn)
Scrolls
 c - a scroll of identify {unknown}
 d - a scroll of teleportation {unknown}
 e - a scroll of immolation


   Skills:
 + Level 3.5 Fighting
 + Level 3.2 Long Blades
 + Level 0.8 Armour
 - Level 2.6 Dodging
 - Level 2.4 Stealth


You had one spell level left.
You didn't know any spells.
Your spell library was empty.

Dungeon Overview and Level Annotations

Branches:
Dungeon (1/15)

Altars:
Xom


Innate Abilities, Weirdness & Mutations

You cannot be hasted, slowed, berserked, paralysed or teleported.
You can dig through walls and to a lower floor.
You have a pair of large antennae on your head. (SInv)
Your four strong arms can wield two-handed weapons with a shield.


Message History

You escape the ball python's grasp.
The bat hits you but does no damage. The bat hits you.
The bat closely misses you. The bat hits you but does no damage. x2
The bat hits you but does no damage.
You closely miss the ball python. The ball python closely misses you.
The ball python grabs you. The ball python constricts you.
The ball python misses you. The ball python constricts you.
You barely miss the ball python. The ball python barely misses you.
The ball python constricts you.
You slash the ball python!
You kill the ball python!
The bat hits you but does no damage.
You have reached level 2!
The bat barely misses you.
You hit the bat.
The bat is heavily wounded.
The bat hits you but does no damage. The bat hits you but does no damage.
You closely miss the bat.
The bat is moderately wounded.
The bat hits you but does no damage.
You closely miss the bat.
The bat is moderately wounded.
The bat hits you but does no damage. The bat barely misses you.
You closely miss the bat.
The bat is moderately wounded.
The bat barely misses you. The bat hits you but does no damage.
You slash the bat!
You kill the bat!
You see here a ball python corpse.
A bat comes into view.
There is a faded altar of an unknown god here.
You see here a scroll of immolation.
e - a scroll of immolation You cannot tell which god this altar belongs to.
Convert to them anyway?
Xom accepts your prayer! Xom welcomes you!
Xom is fascinated!
Are you sure you want to abandon this character and quit the game? (Confirm with "yes".)

##.............# #
#####............#.# #
#.............####.# # {
#..#.##+......# #.# # #
#.#.#...#.....####†#####
#.##..#...........†........
#.............#...#########
#########..#..#..#.....#
b..........#...@.......#
########...#.......##..#
#..#...#.#......#
#..#....#...#...#
#...##..##..#...#
##.#...##...#...#
#..............#
#######........# ##########


There were no monsters in sight!

Vanquished Creatures
  An adder zombie (D:1)
  A ball python (D:1)
  A bat (D:1)
  A bat zombie (D:1)
4 creatures vanquished.

Notes
Turn   | Place    | Note
-------+----------+-------------------------------------------
     0 | D:1      | Antediluvian the Formicid Monk began the quest for the Orb.
     0 | D:1      | Reached XP level 1. HP: 18/18 MP: 1/1
   352 | D:1      | Found a faded altar of an unknown god.
   370 | D:1      | Reached XP level 2. HP: 23/24 MP: 2/2
   418 | D:1      | Prayed at the altar of an unknown god.
   418 | D:1      | Became a worshipper of Xom the Tricky
   419 | D:1      | Quit the game

Illustrated notes

Levels and vault maps discovered:
D:1:      saegor_arrival_fortress, layout_loops_ring,
          hellmonk_ecumenical_altar_blasted

Action                   || total
-------------------------++-------
Melee: Falchion          ||    22
Armor: Robe              ||    17
Dodge: Dodged            ||    20

Table legend: (Time is in decaauts)
 A = Elapsed time spent in this place.
 B = Non-inter-level travel time spent in this place.
 C = Inter-level travel time spent in this place.
 D = Time resting spent in this place.
 E = Time spent auto-exploring this place.
 F = Levels seen in this place.
 G = Mean time per level.
                   A        B        C        D        E       F      G
               +--------+--------+--------+--------+--------+-----+--------+
         Total |    423 |    423 |      0 |      0 |    356 |   1 |  423.0 |
       Dungeon |    423 |    423 |      0 |      0 |    356 |   1 |  423.0 |
               +--------+--------+--------+--------+--------+-----+--------+

Top non-repeatable levels by time:
     D:1: 423 daAuts
